 Dungeon Crawl Stone Soup version 0.28.0-47-ge53b351184 (webtiles) character file.

Game seed: 8275631544458141332

32 Keeper01 the Ducker (level 3, -1/28 HPs)
             Began as a Merfolk Gladiator on May 10, 2022.
             Killed from afar by Ijyb (7 damage)
             ... with a puff of flame
             ... on level 3 of the Dungeon.
             The game lasted 00:05:20 (1213 turns).

Keeper01 the Ducker (Merfolk Gladiator)             Turns: 1213, Time: 00:05:21

Health: -1/28      AC:  4    Str: 16    XL:     3   Next: 27%
Magic:  3/3        EV: 13    Int:  7    God:
Gold:   72         SH:  0    Dex: 15    Spells: 2/2 levels left

rFire   . . .      SeeInvis .   a - +0 long sword
rCold   . . .      Faith    .   (no shield)
rNeg    . . .      Spirit   .   b - +0 leather armour
rPois   .          Reflect  .   c - +0 helmet
rElec   .          Harm     .   (no cloak)
rCorr   .          Rampage  .   (no gloves)
Will    .....                   (no boots)
Stlth   +.........              (no amulet)
HPRegen 0.09/turn               (no ring)
MPRegen 0.08/turn               (no ring)

@: no status effects
A: (nimble swimmer 2), mertail
a: no special abilities


You were on level 3 of the Dungeon.
You visited 1 branch of the dungeon, and saw 3 of its levels.

You collected 72 gold pieces.

Inventory:

Hand Weapons
 a - a +0 long sword (weapon)
Missiles
 d - a throwing net (quivered)
 f - 4 boomerangs
Armour
 b - a +0 leather armour (worn)
 c - a +0 helmet (worn)
Scrolls
 e - a scroll of identify {unknown}
Potions
 g - 2 potions of curing {unknown}


   Skills:
 + Level 2.3 Fighting
 + Level 3.9 Long Blades
 + Level 2.0 Throwing
 + Level 0.2 Armour
 + Level 4.6 Dodging
 + Level 0.1 Stealth


You had 2 spell levels left.
You didn't know any spells.
Your spell library contained the following spells:

 Spells                   Type           Power      Damage    Failure   Level
 Static Discharge         Conj/Air       0%         N/A       65%         2
 Lightning Bolt           Conj/Air       0%         1d11      100%        5
 Maxwell's Capacitive Co  Air            0%         ∞         100%        8


Dungeon Overview and Level Annotations

Branches:
Dungeon (3/15)

Altars:

Annotations:
D:3 Ijyb


Innate Abilities, Weirdness & Mutations

((You are very nimble when in or above water. (Stealth+, EV+, Speed+++)))
Your lower body shifts to a powerful aquatic tail in water.


Message History

g - a glowing orange potion
g - 2 glowing orange potions (gained 1)
A kobold comes into view. It is wielding a +0 dagger.
The kobold shouts!
The kobold throws a stone.
The stone hits you but does no damage.
You slash the kobold!
You kill the kobold!
Things that are here:
a +0 dagger; 3 stones
Found a fizzy golden potion.
h - a fizzy golden potion
Found 8 gold pieces.
Ijyb the Twisted Goblin comes into view.
She is wielding a +0 club and carrying a wand of flame (15).
Ijyb shouts!
Ijyb screams, "Me kill you!"
Ijyb zaps a wand.
The puff of flame misses you.
A rat comes into view.
You see here 8 gold pieces.
You hit Ijyb but do no damage.
Ijyb zaps a wand.
The puff of flame misses you.
You barely miss Ijyb. Ijyb hits you with a +0 club!
Throw: 2 throwing nets
Press: ? - help, Q - select action, (/) - cycle Shift-Dir - straight line, f - Ijyb
Aim: Ijyb, wielding a +0 club, wearing a +0 leather armour and carrying a wand of flame (13) (53% to hit)
You throw a throwing net. The throwing net hits Ijyb.
Ijyb is caught in the net!
Ijyb struggles against the net.
The rat twitches its whiskers.
You hit Ijyb but do no damage.
Ijyb zaps a wand.
The puff of flame hits you!
Ijyb struggles against the net.
You completely miss Ijyb.
Ijyb zaps a wand.
The puff of flame hits you!
* * * LOW HITPOINT WARNING * * *
Ijyb struggles against the net.
You hit Ijyb.
Ijyb is moderately wounded.
You hit Ijyb.
Ijyb is moderately wounded.
Ijyb struggles against the net.
It was a potion of cancellation.
You feel magically purged.
Ijyb zaps a wand.
The puff of flame hits you!
You die...

#......## ###.#######
#)......##############..........
#.###......).............#####.#
#.# #.##.........###..#######..#
#^##..##.........# #.## #.....##
#.#..############# #.# #...###
..#.# #.# #...# .##.
#########.####...# . ..
#.rg@............#
.....#######........# ###
#.....##...# .......###...#
......### #...# #####. ##### ..
###


You could see Ijyb (caught) and a rat.

Vanquished Creatures
  An adder (D:2)
  A dart slug (D:1)
  5 ball pythons
  A giant cockroach (D:3)
  2 goblins
  2 hobgoblins (D:3)
  3 kobolds
  A bat (D:3)
  2 frilled lizards
  5 rats
23 creatures vanquished.

Notes
Turn   | Place    | Note
-------+----------+-------------------------------------------
     0 | D:1      | Keeper01 the Merfolk Gladiator began the quest for the Orb.
     0 | D:1      | Reached XP level 1. HP: 16/16 MP: 1/1
   179 | D:1      | Reached XP level 2. HP: 13/22 MP: 2/2
   643 | D:2      | Reached XP level 3. HP: 28/28 MP: 3/3
  1202 | D:3      | Noticed Ijyb
  1213 | D:3      | Killed from afar by Ijyb

Illustrated notes

Levels and vault maps discovered:
D:1:      saegor_arrival_fortress, layout_rooms, serial_corexii_hall,
          chequers_hall_statues_wall_a, corexii_hall_statues_l,
          ebering_ecumenical_altar_webs, serial_shops, nicolae_diamond_shop
D:2:      layout_loops_ring, uniq_jessica
D:3:      layout_rooms, uniq_ijyb

Action                   || total
-------------------------++-------
Melee: Long sword        ||    94
Throw: Throwing net      ||     2
  Use: Potion            ||     1
Armor: Leather armour    ||    36
Dodge: Dodged            ||    89
